 Dungeon Crawl Stone Soup version 0.25.1-2-g60ff931df9 (webtiles) character file.

Game seed: 13669274200273213119

10723 AuftragZ the Frost Mage (level 11, -1/94 HPs)
             Began as a Grey Draconian Ice Elementalist on Sept 24, 2020.
             Was an Elder of Elyvilon.
             Slain by an orc knight
             ... wielding a +3 battleaxe of freezing
              (9 damage)
             ... on level 1 of the Orcish Mines on Sept 25, 2020.
             The game lasted 01:03:44 (13516 turns).

AuftragZ the Frost Mage (DrIE)                     Turns: 13516, Time: 01:03:48

Health: -1/94      AC: 19    Str: 17    XL:     11   Next: 39%
Magic:  8/24       EV: 14    Int: 18    God:    Elyvilon [****..]
Gold:   207        SH:  0    Dex: 12    Spells: 9/28 levels left

rFire    + + .     SeeInvis .   n - +3 flail (protect)
rCold    . . .     Gourm    .   (no shield)
rNeg     . . .     Faith    .   (armour unavailable)
rPois    +         Spirit   .   (helmet restricted)
rElec    +         Reflect  .   (no cloak)
rCorr    .         Harm     .   (no gloves)
MR       .....                  (no boots)
Stlth    ++........             (no amulet)
HPRegen  0.25/turn              u - ring of wizardry
MPRegen  0.19/turn              t - ring "Bagraz" {*Contam rElec rPois rF++ Str+6}

@: icy armour, frozen ramparts
A: walk through water, unfitting armour, talons 1, robust 1, unbreathing,
cold-blooded, AC +12
a: Lesser Healing, Heal Other, Purification, Greater Healing, Divine Protection,
Renounce Religion


You were on level 1 of the Orcish Mines.
You worshipped Elyvilon.
Elyvilon was greatly pleased with you.
You were not hungry.

You visited 3 branches of the dungeon, and saw 12 of its levels.

You collected 657 gold pieces.
You spent 450 gold pieces at shops.

Inventory:

Hand Weapons
 n - a +3 flail of protection (weapon)
 y - a +2 antimagic trident
Jewellery
 t - the ring "Bagraz" (right hand) {*Contam rElec rPois rF++ Str+6}
   (You found it on level 8 of the Dungeon)

   [ring of strength]

   It affects your strength (+6).
   It greatly protects you from fire.
   It insulates you from electricity.
   It protects you from poison.
   It causes magical contamination when unequipped.
 u - a ring of wizardry (left hand)
Wands
 f - a wand of paralysis (10)
 m - a wand of acid (9)
 x - a wand of disintegration (14)
Scrolls
 e - 4 scrolls of fog
 k - a scroll of fear
 p - 4 scrolls of remove curse
Potions
 a - a potion of resistance
 g - 2 potions of curing
 j - 3 potions of cancellation
 l - 3 potions of berserk rage
 s - 2 potions of heal wounds
 w - a potion of ambrosia
Comestibles
 b - 17 rations


   Skills:
 + Level 5.1 Fighting
 + Level 7.7 Maces & Flails
 + Level 5.5 Dodging
 + Level 3.6 Stealth
 + Level 0.6 Unarmed Combat
 + Level 9.1 Spellcasting
 + Level 3.3 Charms
 * Level 4.3 Summonings
 + Level 9.4 Ice Magic
 + Level 0.4 Air Magic
 + Level 0.1 Invocations


You had 9 spell levels left.
You knew the following spells:

 Your Spells              Type           Power        Failure   Level  Hunger
a - Freeze                Ice            ####         1%          1    None
b - Frozen Ramparts       Ice            #####.       1%          3    None
c - Ozocubu's Armour      Chrm/Ice       ####....     1%          3    None
d - Hailstorm             Conj/Ice       ####....     5%          4    ###....
e - Summon Ice Beast      Ice/Summ       ####....     2%          4    ###....
f - Summon Lightning Spi  Summ/Air       ###.....     13%         4    ###....

Your spell library contained the following spells:

 Spells                   Type           Power        Failure   Level  Hunger
 Summon Small Mammal      Summ           ###.         1%          1    None
 Call Imp                 Summ           ###.....     1%          2    None
 Call Canine Familiar     Summ           ###.....     1%          3    None
 Summon Guardian Golem    Hex/Summ       ###.....     4%          3    None


Dungeon Overview and Level Annotations

Branches:
Dungeon (10/15)            Temple (1/1) D:7            Lair (0/6) D:10
    Orc (1/2) D:10

Altars:
Elyvilon
Fedhas
Gozag
Makhleb
Okawaru
Qazlal
Ru

Shops:
D:6 *   D:7 (}*=


Innate Abilities, Weirdness & Mutations

You can walk through water.
Your dull iron-grey scales are very hard. (AC +12)
You cannot fit into any form of body armour.
You can survive without breathing.
You are cold-blooded and may be slowed by cold attacks.
You have sharp toenails.
You are robust. (+10% HP)


Message History

Orders for allies: a - Attack new target. p - Attack previous target. r - Retreat! s - Stop attacking. g - Guard the area. f - Follow me.
Anything else - Cancel.
Gang up on whom?
Press: ? - help, Dir - move target cursor, f/p - orc knight
Aim: an orc knight, wielding a +3 battleaxe of freezing and wearing a +0 chain mail (heavily wounded) Attack!
The warg bites you but does no damage.
The wall freezes the orc warrior.
The orc warrior hits you from afar with a +0 glaive!!
The warg bites you but does no damage.
The wall freezes the orc knight.
The orc knight hits you but does no damage.
You are healed.
You feel quite a bit more hungry.
You feel yourself speed up. The warg bites you.
The wall freezes the orc warrior.
The orc warrior hits you from afar with a +0 glaive!!!
* * * LOW HITPOINT WARNING * * *
The wall freezes the orc wizard!
The wall freezes the orc knight.
The orc knight hits you with a +3 battleaxe of freezing!
You die...

##..................#.$
............$.........
................#...#
.......<>....#..#...#
...........#.......#
....$...........o.o#
...........#.#$.oo##
......##....##.ho##
...........#.#..@#
........$.......##
#.......$......8#
.....#........##
...##......#. .#..... .
....#.# . .....# ##


You could see an orc knight, a warg, an orc warrior (strong), an orc wizard
(strong), 2 orcs and a friendly lightning spire (summoned).

Vanquished Creatures
  A hydra (D:8)
  Erica (D:9)
  Pikel (D:5)
  An elephant (shapeshifter) (D:9)
  Maggie (D:7)
  2 trolls
  Prince Ribbit (D:7)
  2 dream sheep (D:8)
  Sigmund (D:5)
  3 yaks
  Edmund (D:5)
  A warg (Orc:1)
  3 water moccasins
  Duvessa (D:7)
  2 porcupines (D:10)
  4 slaves (D:5)
  2 ice beasts
  A sky beast (D:7)
  3 orc warriors
  8 black bears
  2 phantoms
  3 centaurs
  4 ogres
  An eye of draining (D:9)
  3 big kobolds (D:8)
  Blork the orc (D:4)
  7 bullfrogs
  2 gnoll sergeants
  Dowan (D:7)
  5 scorpions
  A nameless horror (D:9)
  5 howler monkeys
  3 crimson imps
  8 orc priests
  3 jellies
  9 orc wizards
  2 centaur zombies
  6 hounds
  A bullfrog skeleton (D:4)
  4 centaur skeletons
  4 iguanas
  Ijyb (D:3)
  Terence (D:3)
  4 worker ants
  2 hound skeletons
  2 howler monkey zombies (D:5)
  A howler monkey skeleton (D:4)
  8 adders
  8 gnolls
  2 shadow imps
  2 adder skeletons (D:4)
  3 worms
  2 dart slugs (D:2)
  7 leopard geckos
  36 orcs
  7 bats
  6 giant cockroaches
  4 goblins
  6 hobgoblins
  3 jackals (D:2)
  5 kobolds
  2 quokkas
  3 ball pythons
  5 frilled lizards (D:1)
  A leopard gecko skeleton (D:4)
  8 rats
244 creatures vanquished.

Vanquished Creatures (collateral kills)
  A manticore (D:9)
  A hungry ghost (D:7)
  An ogre (Orc:1)
  A hound skeleton (D:10)
  2 gnolls (D:9)
  2 orcs (D:10)
8 creatures vanquished.

Vanquished Creatures (others)
  30 fungi (D:10)
  A plant (D:10)
31 creatures vanquished.

Grand Total: 283 creatures vanquished

Notes
Turn   | Place    | Note
-------+----------+-------------------------------------------
     0 | D:1      | AuftragZ the Draconian Ice Elementalist began the quest for
                  | the Orb.
     0 | D:1      | Reached XP level 1. HP: 14/14 MP: 3/3
   336 | D:1      | Reached XP level 2. HP: 20/20 MP: 1/5
   879 | D:1      | Reached XP level 3. HP: 26/26 MP: 2/6
   941 | D:1      | Learned a level 3 spell: Frozen Ramparts
  2143 | D:3      | Noticed Terence
  2146 | D:3      | Reached XP level 4. HP: 33/33 MP: 4/8
  2167 | D:3      | Killed Terence
  2416 | D:3      | Found an iron altar of Okawaru.
  2611 | D:3      | Noticed Ijyb
  2622 | D:3      | Killed Ijyb
  2622 | D:3      | Reached XP level 5. HP: 38/38 MP: 4/10
  2798 | D:3      | Reached skill level 5 in Ice Magic
  3161 | D:3      | Found a blossoming altar of Fedhas.
  3161 | D:3      | Found a white marble altar of Elyvilon.
  3166 | D:3      | Became a worshipper of Elyvilon the Healer
  3238 | D:3      | Found a sacrificial altar of Ru.
  3275 | D:3      | Found a faded altar of an unknown god.
  3447 | D:4      | Learned a level 3 spell: Ozocubu's Armour
  3452 | D:4      | Learned a level 4 spell: Hailstorm
  3499 | D:4      | Reached skill level 1 in Maces & Flails
  3817 | D:4      | Reached XP level 6. HP: 46/46 MP: 8/11
  3899 | D:4      | Reached skill level 1 in Fighting
  3934 | D:4      | Reached * piety under Elyvilon
  4252 | D:4      | Noticed Blork the orc
  4260 | D:4      | Killed Blork the orc
  4260 | D:4      | Your scales start taking on a dull iron-grey colour.
  4260 | D:4      | Reached XP level 7. HP: 22/52 MP: 5/13
  4260 | D:4      | Gained mutation: You can survive without breathing. [Grey
                  | Draconian growth]
  5063 | D:5      | Entered Level 5 of the Dungeon
  5190 | D:5      | Noticed Pikel
  5208 | D:5      | Killed Pikel
  5208 | D:5      | Reached skill level 5 in Spellcasting
  5208 | D:5      | Reached skill level 1 in Charms
  5208 | D:5      | Reached XP level 8. HP: 55/61 MP: 4/15
  5663 | D:5      | Noticed Sigmund
  5682 | D:5      | Killed Sigmund
  5791 | D:5      | Reached ** piety under Elyvilon
  5949 | D:5      | Found an opulent altar of Gozag.
  5951 | D:5      | Noticed Edmund
  5964 | D:5      | Killed Edmund
  6252 | D:5      | Learned a level 4 spell: Summon Ice Beast
  6632 | D:6      | Reached XP level 9. HP: 60/69 MP: 14/18
  6999 | D:6      | Found Teowkaaw's General Store.
  7000 | D:6      | Gained mutation: You are robust. (+10% HP) [potion of
                  | mutation]
  7000 | D:6      | Gained mutation: You have sharp toenails. [potion of
                  | mutation]
  7000 | D:6      | Gained mutation: You are dopey. (Int -2) [potion of
                  | mutation]
  7000 | D:6      | Lost mutation: You are dopey. (Int -2) [potion of mutation]
  7201 | D:6      | Reached skill level 5 in Maces & Flails
  7480 | D:6      | Found a blossoming altar of Fedhas.
  7790 | D:7      | Reached *** piety under Elyvilon
  7850 | D:7      | Paralysed by fainting for 7 turns
  7858 | D:7      | Paralysed by fainting for 5 turns
  8127 | D:7      | Found a staircase to the Ecumenical Temple.
  8130 | D:7      | Noticed Maggie
  8139 | D:7      | Noticed Duvessa
  8143 | D:7      | Killed Maggie
  8145 | D:7      | Noticed Dowan
  8149 | D:7      | Killed Duvessa
  8152 | D:7      | Killed Dowan
  8201 | Temple   | Entered the Ecumenical Temple
  8529 | D:7      | Noticed Prince Ribbit
  8550 | D:7      | Killed Prince Ribbit
  8581 | D:7      | Found Ugalankoinu's Weapon Shoppe.
  8616 | D:7      | Reached XP level 10. HP: 75/85 MP: 17/21
  8877 | D:7      | Found Xatedaf's Gadget Shop.
  8933 | D:7      | Found Ylyd's Jewellery Shop.
  8957 | D:7      | Found Qysaed's Assorted Antiques.
  9925 | D:7      | Bought an uncursed ring of wizardry for 450 gold pieces
 10079 | D:8      | Reached skill level 1 in Summonings
 10121 | D:8      | Reached skill level 5 in Dodging
 10196 | D:8      | Found a stormy altar of Qazlal.
 10266 | D:8      | Learned a level 4 spell: Summon Lightning Spire
 10372 | D:8      | Reached **** piety under Elyvilon
 10468 | D:8      | Noticed a three-headed hydra
 10476 | D:8      | Killed a three-headed hydra
 10844 | D:8      | Got a scorched silver ring
 10845 | D:8      | Identified the ring "Bagraz" {*Contam rElec rPois rF++
                  | Str+6} (You found it on level 8 of the Dungeon)
 11456 | D:9      | Found a burning altar of Makhleb.
 11525 | D:9      | Noticed a manticore
 11573 | D:9      | Killed a manticore
 11878 | D:9      | Reached XP level 11. HP: 93/93 MP: 12/23
 12185 | D:9      | Noticed Erica
 12196 | D:9      | Killed Erica
 12196 | D:9      | Reached skill level 5 in Fighting
 12749 | D:10     | Entered Level 10 of the Dungeon
 13143 | D:10     | Found a staircase to the Lair.
 13296 | D:10     | Found a staircase to the Orcish Mines.
 13477 | Orc:1    | Entered Level 1 of the Orcish Mines
 13504 | Orc:1    | Noticed an orc knight
 13516 | Orc:1    | Slain by an orc knight

Illustrated notes

Levels and vault maps discovered:
D:1:      dpeg_arrival_windows_large_door, layout_rooms, serial_glass,
          glass_columns_a, glass_columns_b
D:2:      layout_rooms, first_ration, wad_floor_pattern_untrapped
D:3:      layout_rooms, okawaru_metal_pillars_1_2,
          gammafunk_temple_overflow_wave, chequers_ecumenical_altar_lobes,
          nicolae_ru_path_of_blood, uniq_terence, uniq_ijyb
D:4:      layout_gridville, uniq_blork_the_orc
D:5:      layout_basic, nicolae_gozag_seed_capital,
          hangedman_decor_diamond_cutter, uniq_edmund, uniq_sigmund, uniq_pikel
D:6:      layout_cave_pools, serial_shops, shop, fedhas_altar_4
D:7:      layout_loops_ring, minmay_temple_entry_trees, serial_shops,
          kennysheep_little_box, shop, shop, shop, uniq_maggie,
          uniq_prince_ribbit1, uniq_duvessa
D:8:      layout_loops_ring, lemuel_coloured_pillars_altar, serial_bayou_pond_e,
          hangedman_ranch [blue_anna_fruit_fields], st_stairs_2
D:9:      layout_basic, overflow_temple_1_default, uniq_erica
D:10:     layout_roguey, due_lair_maze_entry_diamond, david_orc_2,
          uniq_josephine
Temple:   nicolae_temple_elliptical
Orc:1:    layout_caves

Skill      XL: |  1  2  3  4  5  6  7  8  9 10 11 |
---------------+----------------------------------+-----
Dodging        | 2 3 4 5 |  5.5
Stealth        | 2 3 |  3.6
Spellcasting   | 3 4 5 6 7 8 9 |  9.1
Ice Magic      | 5 6 7 8 9 |  9.4
Maces & Flails | 1 2 3 4 5 6 7 |  7.7
Fighting       | 1 2 3 4 5 |  5.1
Charms         | 1 2 3 |  3.3
Summonings     | 3 4 |  4.3
Unarmed Combat | |  0.6
Air Magic      | |  0.4
Invocations    | |  0.1

Action                   |  1- 3 |  4- 6 |  7- 9 | 10-12 || total
-------------------------+-------+-------+-------+-------++-------
Melee: Unarmed           |    20 |     9 |       |       ||    29
       Flail             |       |    98 |   224 |   202 ||   524
       Tailslap          |       |    17 |    25 |    31 ||    73
       Kick              |       |       |    21 |    60 ||    81
       Punch             |       |       |       |     1 ||     1
 Cast: Freeze            |    49 |    22 |    53 |    16 ||   140
       Frozen Ramparts   |     7 |    11 |    27 |    32 ||    77
       Ozocubu's Armour  |       |     1 |    14 |    20 ||    35
       Summon Ice Beast  |       |       |     1 |     1 ||     2
       Summon Lightning  |       |       |       |     5 ||     5
Invok: Divine Protection |       |       |     1 |       ||     1
       Lesser Healing    |       |       |     2 |       ||     2
       Greater Healing   |       |       |       |     2 ||     2
  Use: Scroll            |     3 |     4 |     4 |     5 ||    16
       Potion            |       |     2 |     8 |     1 ||    11
 Stab: Sleeping          |       |     2 |       |     1 ||     3
  Eat: Chunk             |     5 |     8 |    10 |    15 ||    38
       Ration            |       |       |     4 |     1 ||     5
Armor: Skin              |    15 |    61 |   157 |   152 ||   385
Dodge: Dodged            |    35 |    83 |   171 |   233 ||   522
